 Dungeon Crawl Stone Soup version 0.18.1-48-g4cf74bf (console) character file.

137 Kloppie the Cudgeler (level 5, 0/72 HPs)
             Began as a Minotaur Berserker on June 25, 2016.
             Was a Believer of Trog.
             Slain by a gnoll
             ... wielding a +0 whip
              (4 damage)
             ... on level 3 of the Dungeon.
             The game lasted 00:02:49 (2039 turns).

Kloppie the Cudgeler (Minotaur Berserker)           Turns: 2039, Time: 00:02:50

Health: 0/72       AC:  3    Str: 27    XL:     5   Next: 0%
Magic:  4/4        EV: 12    Int:  4    God:    Trog [**....]
Gold:   102        SH:  0    Dex: 10    Spells: 0 memorised, 4 levels left

rFire  . . .     SeeInvis .     a - +0 mace
rCold  . . .     Gourm    .     b - +1 animal skin
rNeg   . . .     Faith    .     (no shield)
rPois  .         Spirit   .     (helmet restricted)
rElec  .         Dismiss  .     (no cloak)
rCorr  .         Reflect  .     (no gloves)
SustAt .         Harm     .     (no boots)
MR     ++...                    (no amulet)
Stlth  ..........               (no ring)
                                (no ring)

@: berserking, regenerating, very quick, very resistant to hostile enchantments,
extremely unstealthy
A: retaliatory headbutt, horns 2
a: Berserk, Trog's Hand, Burn Spellbooks, Renounce Religion


You were on level 3 of the Dungeon.
You worshipped Trog.
Trog was pleased with you.
You were not hungry.

You visited 1 branch of the dungeon, and saw 3 of its levels.

You collected 102 gold pieces.

Inventory:

Hand Weapons
 a - a +0 mace (weapon)
Armour
 b - a +1 animal skin (worn)
 o - a +0 chain mail
 t - a +0 crystal plate armour
Jewellery
 d - an uncursed ring of stealth {unknown}
Scrolls
 e - a scroll of amnesia
 m - a scroll of magic mapping {unknown}
 u - a scroll of fear {unknown}
Potions
 f - 2 potions of curing
 j - a potion of brilliance
 k - 2 potions of berserk rage {unknown}
 s - a potion of heal wounds {unknown}
Comestibles
 c - 3 bread rations
 h - a slice of pizza
 n - a meat ration
 p - 2 fruits


   Skills:
 + Level 5.3 Fighting
 + Level 5.6 Maces & Flails
 - Level 2.4 Armour
 - Level 2.1 Dodging


You had 4 spell levels left.
You didn't know any spells.

Dungeon Overview and Level Annotations

Branches:
Dungeon (3/15)

Altars:


Innate Abilities, Weirdness & Mutations

You reflexively headbutt those who attack you in melee.
You have a pair of horns on your head.


Message History

A red film seems to cover your vision as you go berserk!
You feel yourself moving faster!
You feel mighty!
You feel somewhat more hungry. The gnoll closely misses you.
The gnoll misses you. The gnoll hits you with a club!
* * * LOW HITPOINT WARNING * * *
The gnoll closely misses you.
You hit the gnoll.
The gnoll is heavily wounded.
The gnoll completely misses you. The gnoll misses you. You furiously retaliate!
You headbutt the gnoll!
You kill the gnoll!
Trog accepts your kill. The gnoll barely misses you. You furiously retaliate!
You headbutt the gnoll. You hit the gnoll.
You feel the power of Trog in you as your rage grows.
You kill the gnoll!
Trog accepts your kill.
You have reached level 5!
The gnoll hits you with a whip.
You die...

#.#.##..........
# ###.#######
###..## #.....#
#.....#
#....รท##
#####..#
######.####.###
........@)......
........)gg.....
...####.####.#.#
.. #.. # ##. .
#.


You could see 2 gnolls.

Vanquished Creatures
  Jessica (D:2)
  5 adders
  2 gnolls (D:3)
  2 worms
  2 dart slugs
  3 giant geckos (D:1)
  6 goblins
  4 hobgoblins
  7 kobolds
  A ball python (D:1)
  3 bats
  A giant newt (D:2)
  4 rats
41 creatures vanquished.

Notes
Turn   | Place    | Note
--------------------------------------------------------------
     0 | D:1      | Kloppie the Minotaur Berserker began the quest for the Orb.
     0 | D:1      | Reached XP level 1. HP: 19/19 MP: 0/0
   155 | D:1      | Reached XP level 2. HP: 24/27 MP: 1/1
   639 | D:1      | Reached ** piety under Trog
   725 | D:2      | Reached XP level 3. HP: 33/33 MP: 2/2
  1246 | D:2      | Reached skill level 5 in Maces & Flails
  1278 | D:2      | Reached XP level 4. HP: 34/41 MP: 3/3
  1372 | D:2      | Noticed Jessica
  1390 | D:2      | Killed Jessica
  1390 | D:2      | Reached skill level 5 in Fighting
  2037 | D:3      | HP: 2/63 [gnoll/club (8)]
  2039 | D:3      | Reached XP level 5. HP: 4/48 MP: 4/4
  2039 | D:3      | Slain by a gnoll

Skill      XL: |  1  2  3  4 |
---------------+-------------+-----
Fighting       | 4 5 |  5.3
Maces & Flails | 4 5 |  5.6
Armour         | |  2.4
Dodging        | |  2.1

Action                   |  1- 3 |  4- 6 || total
-------------------------+-------+-------++-------
Melee: Mace              |    66 |    22 ||    88
       Headbutt          |    10 |     3 ||    13
Invok: Berserk           |     2 |     1 ||     3
       Trog's Hand       |       |     1 ||     1
  Use: Scroll            |       |     6 ||     6
  Eat: Chunk             |     2 |     3 ||     5
       Fruit             |     1 |       ||     1
Armor: Animal skin       |    10 |     5 ||    15
Dodge: Dodged            |    38 |    26 ||    64
